 Dungeon Crawl Stone Soup version 0.27.0-1-g7a089689b8 (webtiles) character file.

Game seed: 18253623542363100447

22 RascalDebosk the Conjurer (level 2, -2/23 HPs)
             Began as a Draconian Conjurer on Aug 2, 2021.
             Slain by a quokka (4 damage)
             ... on level 1 of the Dungeon.
             The game lasted 00:17:52 (1350 turns).

RascalDebosk the Conjurer (Draconian Conjurer)      Turns: 1350, Time: 00:17:52

Health: -2/23      AC:  4    Str:  9    XL:     2   Next: 68%
Magic:  0/5        EV: 12    Int: 18    God:
Gold:   11         SH:  0    Dex:  9    Spells: 4/5 levels left

rFire    . . .     SeeInvis .   c - +0 dagger
rCold    . . .     Faith    .   (no shield)
rNeg     . . .     Spirit   .   (armour unavailable)
rPois    .         Reflect  .   (helmet restricted)
rElec    .         Harm     .   (no cloak)
rCorr    .         Rampage  .   (no gloves)
Will     .....                  (no boots)
Stlth    ++........             (no amulet)
HPRegen  0.07/turn              (no ring)
MPRegen  0.09/turn              (no ring)

@: no status effects
A: AC +4, unfitting armour, cold-blooded
a: no special abilities


You were on level 1 of the Dungeon.
You visited 1 branch of the dungeon, and saw 1 of its levels.

You collected 11 gold pieces.

Inventory:

Hand Weapons
 c - a +0 dagger (weapon)
Scrolls
 a - 2 scrolls of vulnerability {unknown}
 b - a scroll of enchant weapon {unknown}
 d - a scroll of acquirement {unknown}
 f - a scroll of noise {unknown}
Potions
 e - a potion of attraction {unknown}


   Skills:
 + Level 1.0 Fighting
 + Level 2.0 Dodging
 + Level 2.1 Stealth
 + Level 2.2 Spellcasting
 + Level 4.1 Conjurations


You had 4 spell levels left.
You knew the following spells:

 Your Spells              Type           Power      Damage    Failure   Level
a - Magic Dart            Conj           68%        1d6       3%          1

Your spell library contained the following spells:

 Spells                   Type           Power      Damage    Failure   Level
 Searing Ray              Conj           34%        3d4       4%          2
 Dazzling Flash           Conj/Hex       18%        N/A       22%         3
 Fulminant Prism          Conj/Hex       4%         3d6       58%         4
 Iskenderun's Mystic Bla  Conj/Tloc      9%         2d4       58%         4


Dungeon Overview and Level Annotations

Branches:
Dungeon (1/15)

Altars:


Innate Abilities, Weirdness & Mutations

Your plain brown scales are hard. (AC +4)
You cannot fit into any form of body armour.
You are cold-blooded and may be slowed by cold attacks.


Message History

The jackal misses you. The quokka closely misses you.
The frilled lizard closely misses you.
You hit the quokka. You tail-slap the quokka.
The quokka is almost dead.
The jackal bites you but does no damage.
The quokka misses you. The frilled lizard barely misses you.
The jackal barely misses you.
You barely miss the quokka.
The quokka is almost dead.
The quokka closely misses you.
The jackal bites you but does no damage.
The frilled lizard bites you but does no damage.
The quokka barely misses you.
You closely miss the quokka.
The quokka is almost dead.
The jackal bites you but does no damage.
The frilled lizard bites you but does no damage.
The quokka bites you.
* * * LOW HITPOINT WARNING * * *
The jackal barely misses you.
Casting: Magic Dart (safe; 3% risk of failure)
Confirm with . or Enter, or press ? or * to list all spells.
Aiming: Magic Dart (safe; 3% risk of failure)
Press: ? - help, Shift-Dir - straight line, f - jackal
Aim: a jackal (moderately wounded, 100% to hit)
The magic dart hits the jackal but does no damage.
The jackal is moderately wounded.
The quokka bites you.
* * * LOW HITPOINT WARNING * * *
The jackal misses you. The frilled lizard barely misses you.
You closely miss the quokka.
The quokka is almost dead.
The jackal bites you but does no damage.
The quokka barely misses you. The frilled lizard bites you.
* * * LOW HITPOINT WARNING * * *
You closely miss the quokka.
You tail-slap the quokka, but do no damage.
The quokka is almost dead.
The jackal barely misses you. The quokka bites you.
You die...

#.##.......#
#.##÷####### #.##.#
####### #.##.# #≈≈≈≈≈≈##
#.##.# ≈≈....≈≈# #.##.#
≈..≈8..≈# #.##.#
≈.8≈≈≈.l###.##.#
≈.≈≈≈8.r@.#.##.#
≈..8≈..h#...##.#
≈≈....≈≈###.##.#
#≈≈≈≈≈≈##...##.# #######
######.# #.# #.#
######################.#
.......................#


You could see a quokka, a jackal and a frilled lizard.

Vanquished Creatures
  3 ball pythons (D:1)
  A giant cockroach (D:1)
  A hobgoblin (D:1)
  3 jackals (D:1)
  2 quokkas (D:1)
  A frilled lizard (D:1)
  4 goblins (D:1)
  A kobold (D:1)
  4 rats (D:1)
20 creatures vanquished.

Notes
Turn   | Place    | Note
-------+----------+-------------------------------------------
     0 | D:1      | RascalDebosk the Draconian Conjurer began the quest for the
                  | Orb.
     0 | D:1      | Reached XP level 1. HP: 14/14 MP: 3/3
   420 | D:1      | Found a faded altar of an unknown god.
   524 | D:1      | Reached XP level 2. HP: 18/22 MP: 0/5
  1342 | D:1      | Reached skill level 1 in Fighting
  1350 | D:1      | Slain by a quokka

Illustrated notes

Levels and vault maps discovered:
D:1:      dpeg_arrival_rooms_b, layout_basic, ebering_ecumenical_altar_rust,
          kennysheep_another_room

Skill      XL: |  1  2 |
---------------+-------+-----
Stealth        | 2 |  2.1
Dodging        | 2 |  2.0
Fighting       | 1 |  1.0
Spellcasting   | |  2.2
Conjurations   | |  4.1

Action                   || total
-------------------------++-------
Melee: Unarmed           ||     2
       Dagger            ||    61
       Tailslap          ||     7
 Cast: Magic Dart        ||    34
 Stab: Sleeping          ||     1
Armor: Skin              ||    36
Dodge: Dodged            ||    84
